 Dungeon Crawl Stone Soup version 0.30-a0-54-g2e61a25929 (webtiles) character file.

Game seed: 3118798427673571356

201 juncz the Chiller (level 5, 38/38 HPs)
             Began as a Draconian Ice Elementalist on July 11, 2022.
             Quit the game on level 3 of the Dungeon on Sept 7, 2022.
             The game lasted 00:15:54 (2902 turns).

juncz the Chiller (Draconian Ice Elementalist)      Turns: 2902, Time: 00:15:54

Health: 38/38      AC: 10    Str: 10    XL:     5   Next: 50%
Magic:  11/11      EV: 12    Int: 17    God:
Gold:   146        SH:  5    Dex: 12    Spells: 5/12 levels left

rFire   . . .      SeeInvis .    h - +0 short sword
rCold   . . .      Faith    .    (no shield)
rNeg    + . .      Spirit   .    (body armour unavailable)
rPois   .          Reflect  +    (helmet restricted)
rElec   .          Harm     .    n - +0 cloak
rCorr   .          Rampage  .    (no gloves)
Will    .....                    (no boots)
Stlth   ++........               o - amulet of reflection
HPRegen 0.12/turn                i - ring of positive energy
MPRegen 0.12/turn                k - +4 ring of protection

@: no status effects
A: AC +5, unfitting armour, cold-blooded
a: no special abilities


You were on level 3 of the Dungeon.
You visited 1 branch of the dungeon, and saw 3 of its levels.

You collected 146 gold pieces.

Inventory:

Hand Weapons
 f - a +0 club
 h - a +0 short sword (weapon)
 q - a +1 spear of flaming
 r - a +0 war axe
Missiles
 b - 2 curare-tipped darts
 d - 38 stones
 j - 2 throwing nets
Armour
 n - a +0 cloak (worn)
Jewellery
 i - a ring of positive energy (left hand)
 k - a +4 ring of protection (right hand)
 o - an amulet of reflection (around neck)
 w - a ring of positive energy
Scrolls
 c - a scroll of poison
 l - a scroll of silence
 u - a scroll of enchant armour {unknown}
 v - a scroll of acquirement {unknown}
Potions
 a - a potion of magic
 e - 2 potions of degeneration
 m - a potion of invisibility
 p - 3 potions of heal wounds
 s - 2 potions of cancellation
 t - a potion of lignification
 x - a potion of flight {unknown}
 z - a potion of curing {unknown}


   Skills:
 - Level 1.7 Dodging
 - Level 1.7 Stealth
 + Level 4.0 Spellcasting
 + Level 5.5 Ice Magic


You had 5 spell levels left.
You knew the following spells:

 Your Spells              Type           Power      Damage    Failure   Level
a - Freeze                Ice            88%        1d10      1%          1
b - Frozen Ramparts       Ice            44%        1d7       4%          3
c - Ozocubu's Armour      Ice            22%        N/A       4%          3

Your spell library contained the following spells:

 Spells                   Type           Power      Damage    Failure   Level
 Hailstorm                Conj/Ice       12%        3d5       45%         4
 Leda's Liquefaction      Hex/Erth       1%         N/A       83%         4
 Lee's Rapid Deconstruct  Erth           1%         3d5*      99%         5
 Statue Form              Tmut/Erth      2%         N/A       100%        6


Dungeon Overview and Level Annotations

Branches:
Dungeon (3/15)

Altars:


Innate Abilities, Weirdness & Mutations

Your plain brown scales are hard. (AC +5)
You cannot fit into any form of body armour.
You are cold-blooded and may be slowed by cold attacks.


Message History

Casting: Freeze (safe; 1% risk of failure)
Confirm with . or Enter, or press ? or * to list all spells.
Casting: Frozen Ramparts (dangerous; 4% risk of failure)
Press: ? - help, Dir - look around, f - activate The walls around you are covered in ice.
The wall freezes the worm.
The wall freezes the worm!
Casting: Frozen Ramparts (dangerous; 4% risk of failure)
Confirm with . or Enter, or press ? or * to list all spells.
Aiming: Freeze (safe; 1% risk of failure)
Press: ? - help, Shift-Dir - straight line, f - worm
Aim: a worm (severely wounded)
You freeze the worm!
You kill the worm!
The frozen ramparts melt away.
d - 38 stones (gained 8)
You see here a worm corpse.
You now have 146 gold pieces (gained 5).
Found a stone staircase leading up.
z - a fizzy emerald potion A kobold comes into view.
It is wielding a +0 dagger of speed.
You hit the kobold but do no damage. The kobold hits you but does no damage.
Casting: Freeze (safe; 1% risk of failure)
Confirm with . or Enter, or press ? or * to list all spells.
Aiming: Freeze (safe; 1% risk of failure)
Press: ? - help, Shift-Dir - straight line, f - kobold
Aim: a kobold, wielding a +0 dagger of speed You freeze the kobold!
You kill the kobold!
You see here a +0 dagger of speed.
You see here a +0 hand axe.
Done exploring.
As you read the scroll of identify, it crumbles to dust.
s - 2 potions of cancellation
As you read the scroll of identify, it crumbles to dust.
t - a potion of lignification
There is a stone staircase leading down here.
Welcome back, juncz the Draconian Ice Elementalist.
Press ? for a list of commands and other information.
Are you sure you want to abandon this character and quit the game? (Confirm with "yes".)

#.....#...###.........#
#...#......##.........#
#####.......#.........#
#.......####)###.##
#.......####)# #... #########
#......##..).# ###. #.......#
#......##.#### ##
#.......###.......#.#
#.......##..@.......#
#.......##..........## #####
####.......#.....##..####.<..
###...÷.÷...........##....
#.....#####.###..<.......
#.###.# ###.# #######.... #.#
#.###...# #....
#.###.......### #....
####........##...# #....


There were no monsters in sight!

Vanquished Creatures
  An orc priest (D:3)
  Natasha (thrice) (D:2)
  3 gnolls (D:2)
  An adder (D:2)
  A worm (D:3)
  4 orcs (D:3)
  A bat (D:1)
  4 endoplasms
  2 giant cockroaches (D:1)
  6 hobgoblins
  5 quokkas
  4 ball pythons
  7 frilled lizards
  5 goblins
  6 kobolds
  3 rats
56 creatures vanquished.

Notes
Turn   | Place    | Note
-------+----------+-------------------------------------------
     0 | D:1      | juncz the Draconian Ice Elementalist began the quest for
                  | the Orb.
     0 | D:1      | Reached XP level 1. HP: 14/14 MP: 3/3
   539 | D:1      | Found a faded altar of an unknown god.
   722 | D:1      | Reached XP level 2. HP: 20/20 MP: 3/5
  1412 | D:2      | Noticed Natasha
  1511 | D:2      | Killed Natasha
  1512 | D:2      | Reached XP level 3. HP: 21/26 MP: 0/7
  1572 | D:1      | Learned a level 3 spell: Frozen Ramparts
  1576 | D:1      | Learned a level 3 spell: Ozocubu's Armour
  1618 | D:2      | Noticed Natasha
  1622 | D:2      | Reached XP level 4. HP: 20/33 MP: 2/8
  1623 | D:2      | Killed Natasha
  1624 | D:2      | Reached skill level 5 in Ice Magic
  1745 | D:2      | Noticed Natasha
  1761 | D:2      | Killed Natasha
  1962 | D:2      | Reached XP level 5. HP: 38/38 MP: 8/10
  2902 | D:3      | Upgraded the game from 0.29-a0-824-gd827844252 to
                  | 0.30-a0-54-g2e61a25929
  2902 | D:3      | Quit the game

Illustrated notes

Levels and vault maps discovered:
D:1:      evilmike_arrival_hilbert_curve, layout_basic,
          ebering_ecumenical_altar_sacrificial, nrook_uturn,
          supply_closet_lemuel, st_stairs_9
D:2:      layout_rooms, uniq_natasha
D:3:      layout_rooms

Skill      XL: |  1  2  3  4  5 |
---------------+----------------+-----
Spellcasting   | 3 4 |  4.0
Ice Magic      | 5 |  5.5
Dodging        | |  1.7
Stealth        | |  1.7

Action                   |  1- 3 |  4- 6 || total
-------------------------+-------+-------++-------
Melee: Short sword       |     3 |    20 ||    23
       Tailslap          |     1 |     2 ||     3
 Cast: Freeze            |    40 |    27 ||    67
       Frozen Ramparts   |     2 |     7 ||     9
  Use: Scroll            |       |     7 ||     7
Armor: Skin              |     5 |     4 ||     9
Dodge: Dodged            |    14 |    15 ||    29
Block: Other             |     5 |     9 ||    14
       Reflection        |       |     2 ||     2

Table legend: (Time is in decaauts)
 A = Elapsed time spent in this place.
 B = Non-inter-level travel time spent in this place.
 C = Inter-level travel time spent in this place.
 D = Time resting spent in this place.
 E = Time spent auto-exploring this place.
 F = Levels seen in this place.
 G = Mean time per level.
                   A        B        C        D        E       F      G
               +--------+--------+--------+--------+--------+-----+--------+
         Total |   2908 |   2857 |     51 |    696 |   1570 |   3 |  969.3 |
       Dungeon |   2908 |   2857 |     51 |    696 |   1570 |   3 |  969.3 |
               +--------+--------+--------+--------+--------+-----+--------+

Top non-repeatable levels by time:
     D:1: 1542 daAuts
     D:2: 744 daAuts
     D:3: 621 daAuts
